 Dungeon Crawl Stone Soup version 0.29-a0-6-ga859fcf985 (webtiles) character file.

Game seed: 10643997430186189217

3744 Grim the Fighter (level 10, -4/114 HPs)
             Began as an Ogre Berserker on Jan 27, 2022.
             Was a Believer of Trog.
             Slain by a gnoll shaman (7 damage)
             ... on level 7 of the Dungeon.
             The game lasted 00:11:43 (8317 turns).

Grim the Fighter (Ogre Berserker)                   Turns: 8317, Time: 00:11:44

Health: -4/114     AC:  3    Str: 23    XL:     10   Next: 15%
Magic:  10/10      EV: 10    Int: 18    God:    Trog [**....]
Gold:   357        SH:  0    Dex: 14    Spells: 9/9 levels left

rFire   . . .      SeeInvis .   v - +1 whip (elec)
rCold   . . .      Faith    .   (no shield)
rNeg    . . .      Spirit   .   q - +0 acid dragon scales
rPois   .          Reflect  .   (helmet restricted)
rElec   +          Harm     .   p - -5 cloak of the Kangaroo {rElec Slay+3}
rCorr   +          Rampage  .   (gloves unavailable)
Will    +....                   (boots unavailable)
Stlth   +.........              (no amulet)
HPRegen 0.29/turn               f - +6 ring of intelligence
MPRegen 0.12/turn               o - +6 ring of dexterity

@: on berserk cooldown, slowed, very slow
A: large, unfitting armour, tough skin 1
a: Renounce Religion, Berserk, Trog's Hand


You were on level 7 of the Dungeon.
You worshipped Trog.
Trog was pleased with you.
You visited 1 branch of the dungeon, and saw 7 of its levels.

You collected 357 gold pieces.

Inventory:

Hand Weapons
 a - a +0 mace
 r - a +0 giant spiked club
 v - a +1 whip of electrocution (weapon)
 A - a +2 whip of venom
 K - a +0 morningstar
Missiles
 g - 113 stones
 n - 12 poisoned darts (quivered)
 E - 2 datura-tipped darts
Armour
 b - a +0 animal skin
 p - the -5 cloak of the Kangaroo (worn) {rElec Slay+3}
   (You found it on level 3 of the Dungeon)

   Slay:      It affects your accuracy & damage with ranged weapons and melee
   (+3).
   rElec:     It insulates you from electricity.
 q - +0 acid dragon scales (worn)
Jewellery
 f - a +6 ring of intelligence (left hand)
 m - a ring of fire
 o - a +6 ring of dexterity (right hand)
Wands
 x - a wand of paralysis (12)
 B - a wand of polymorph (6)
Scrolls
 c - a scroll of torment {unknown}
 d - a scroll of vulnerability {unknown}
 h - 3 scrolls of blinking {unknown}
 i - 2 scrolls of noise {unknown}
 l - 7 scrolls of identify {unknown}
 s - 2 scrolls of amnesia {unknown}
 t - 2 scrolls of immolation
 y - 3 scrolls of teleportation {unknown}
 C - 2 scrolls of enchant armour {unknown}
 D - a scroll of fear {unknown}
 F - a scroll of brand weapon {unknown}
Potions
 e - 2 potions of attraction {unknown}
 j - 2 potions of haste {unknown}
 k - 5 potions of curing
 u - 2 potions of might {unknown}
 w - a potion of lignification {unknown}
 z - 2 potions of heal wounds {unknown}
 G - a potion of invisibility {unknown}
 H - a potion of berserk rage {unknown}
 I - a potion of mutation {unknown}
 J - a potion of resistance {unknown}


   Skills:
 + Level 11.4 Fighting
 * Level 11.1 Maces & Flails
 - Level 2.6 Dodging


You had 9 spell levels left.
You didn't know any spells.
Your spell library was empty.

Dungeon Overview and Level Annotations

Branches:
Dungeon (7/15)             Temple (0/1) D:6

Altars:
Ashenzari
Cheibriados
Dithmenos
Fedhas
Hepliaklqana
Kikubaaqudgha
Sif Muna
Uskayaw
Wu Jian
The Shining One

Shops:
D:4 :   D:5 *


Innate Abilities, Weirdness & Mutations

You are too large for most types of armour.
You have tough skin. (AC +1)


Message History

Things that are here:
a +0 flail; a gnoll corpse You are too injured to fight recklessly!
You are too injured to fight recklessly!
An orc comes into view. It is wielding a +0 mace.
You feel a strong urge to attack something.
The orc shouts!
You hit the gnoll shaman.
The gnoll shaman is moderately wounded.
A gnoll comes into view. It is wielding a +0 flail.
You whack the gnoll shaman!
The gnoll shaman is severely wounded.
An orc and an orc priest come into view.
Found a dagger.
The orc shouts!
The orc priest shouts!
You feel a strong urge to attack something.
You are no longer berserk.
You are exhausted.
You feel yourself slow down.
The gnoll shaman calls upon its god to speed up the gnoll.
The gnoll seems to speed up.
The orc priest invokes the aid of Beogh against you.
Beogh smites you!
* * * LOW HITPOINT WARNING * * *
The gnoll hits you with a +0 whip.
* * * LOW HITPOINT WARNING * * *
The gnoll shaman hits you with a +0 whip.
* * * LOW HITPOINT WARNING * * *
It was a potion of curing.
You feel better.
The gnoll hits you from afar with a +0 spear!
* * * LOW HITPOINT WARNING * * *
The gnoll shaman barely misses you. The gnoll hits you with a +0 whip.
* * * LOW HITPOINT WARNING * * *
The gnoll closely misses you. The gnoll hits you with a +0 whip!
* * * LOW HITPOINT WARNING * * *
The gnoll shaman completely misses you. The gnoll hits you with a +0 whip.
* * * LOW HITPOINT WARNING * * *
The gnoll shaman hits you with a +0 whip!
You die...

#............ ...#.
#..###...........
.....#.####.. #........#...
.........#..# ##......##.#<
............####.....######
......................#
.....................#
#.....g........##>##
)###...ggo@.....######
o...o...og.#.....#
...o....)..##....#
........##########
#.##...## # #... ##.# #. ##


You could see a gnoll shaman, an orc priest, 3 gnolls and 3 orcs.

Vanquished Creatures
  A two-headed ogre (D:7)
  A hornet (D:6)
  Prince Ribbit (D:5)
  Sigmund (D:5)
  A wyvern (D:7)
  An acid dragon (D:4)
  A water moccasin (D:5)
  A sky beast (D:4)
  An orc warrior (D:7)
  2 ice beasts
  The ghost of nogo the Skirmisher, an amateur HOFi (D:3)
  5 ogres
  A black bear (D:5)
  2 centaurs
  A wyvern zombie (D:6)
  A scorpion (D:4)
  4 wights (D:6)
  A vampire bat (D:5)
  A centaur zombie (D:5)
  An orc priest (D:7)
  3 bullfrog skeletons (D:6)
  A hound (D:6)
  3 jellies
  2 centaur skeletons (D:6)
  6 iguanas
  Ijyb (D:5)
  An orc wizard (D:7)
  A killer bee zombie (D:5)
  2 gnolls (D:7)
  6 adders
  A white imp (D:6)
  2 ufetubi
  2 adder zombies
  3 worms
  2 adder skeletons
  2 dart slugs (D:1)
  11 orcs
  9 endoplasms
  2 giant cockroaches (D:1)
  5 goblins
  7 hobgoblins
  2 jackals (D:1)
  2 quokkas
  5 ball pythons
  15 bats
  5 frilled lizards
  7 kobolds
  4 rats
141 creatures vanquished.

Notes
Turn   | Place    | Note
-------+----------+-------------------------------------------
     0 | D:1      | Grim the Ogre Berserker began the quest for the Orb.
     0 | D:1      | Reached XP level 1. HP: 24/24 MP: 1/1
   215 | D:1      | Reached XP level 2. HP: 31/32 MP: 2/2
   272 | D:1      | Found a faded altar of an unknown god.
   460 | D:1      | Reached XP level 3. HP: 37/40 MP: 3/3
  1379 | D:2      | Reached XP level 4. HP: 49/49 MP: 4/4
  1470 | D:2      | Reached ** piety under Trog
  1493 | D:2      | Reached skill level 5 in Fighting
  1888 | D:3      | Found a shadowy altar of Dithmenos.
  2252 | D:3      | Found a snail-covered altar of Cheibriados.
  2474 | D:3      | Found a runed translucent door.
  2476 | D:3      | Noticed nogo's ghost (amateur HOFi)
  2489 | D:3      | Killed nogo's ghost
  2490 | D:3      | Reached XP level 5. HP: 31/59 MP: 5/5
  2502 | D:3      | Identified the -5 cloak of the Kangaroo {rElec Slay+3}
  2812 | D:3      | Found a shimmering blue altar of Sif Muna.
  2949 | D:3      | Reached skill level 5 in Maces & Flails
  2949 | D:3      | Reached XP level 6. HP: 29/67 MP: 6/6
  3374 | D:4      | Noticed an acid dragon
  3468 | D:4      | Killed an acid dragon
  3470 | D:4      | Noticed a sky beast
  3683 | D:4      | Killed a sky beast
  3684 | D:4      | Reached XP level 7. HP: 69/76 MP: 7/7
  4007 | D:4      | Found an ancient bone altar of Kikubaaqudgha.
  4117 | D:4      | Found Costravu's Book Boutique.
  4256 | D:4      | Found a hide-covered altar of Uskayaw.
  4358 | D:4      | Found a broken altar of Ashenzari.
  4463 | D:4      | Found a hazy altar of Hepliaklqana.
  4591 | D:5      | Entered Level 5 of the Dungeon
  4591 | D:5      | Noticed Sigmund
  4596 | D:5      | Killed Sigmund
  4727 | D:5      | Reached XP level 8. HP: 88/88 MP: 8/8
  4999 | D:5      | Noticed Ijyb
  5014 | D:5      | Killed Ijyb
  5243 | D:5      | Found a blossoming altar of Fedhas.
  5361 | D:5      | Found an ornate altar of the Wu Jian Council.
  5489 | D:5      | Found Giamun's Mayhem Merchandise.
  5603 | D:5      | Noticed Prince Ribbit
  5611 | D:5      | Killed Prince Ribbit
  5736 | D:5      | Found a glowing golden altar of the Shining One.
  5791 | D:6      | Noticed a hornet
  5794 | D:6      | Paralysed by a hornet for 1 turns
  5798 | D:6      | Paralysed by a hornet for 2 turns
  5803 | D:6      | Killed a hornet
  5804 | D:6      | Reached XP level 9. HP: 34/100 MP: 9/9
  6774 | D:6      | Found a staircase to the Ecumenical Temple.
  6780 | D:6      | Reached skill level 10 in Fighting
  7572 | D:6      | Reached skill level 10 in Maces & Flails
  8094 | D:7      | Noticed a two-headed ogre
  8106 | D:7      | Killed a two-headed ogre
  8107 | D:7      | Reached XP level 10. HP: 114/114 MP: 10/10
  8317 | D:7      | HP: 3/114 [gnoll (4)]
  8317 | D:7      | Slain by a gnoll shaman

Illustrated notes

Levels and vault maps discovered:
D:1:      minmay_arrival_stone_box, layout_loops_cross,
          chequers_ecumenical_altar_island, minmay_pentomino_u2
D:2:      layout_basic, minmay_misc_feat_roman
D:3:      layout_basic, nicolae_sif_muna_little_library, cheibriados_altar_1,
          mainiacjoe_overflow_alcove_4, ebering_ghost_inner_flame
D:4:      layout_loops_ring, nicolae_uskayaw_murder_on_the_dancefloor,
          lemuel_tele_altar, lemuel_doored_altar, mainiacjoe_overflow_brackets,
          serial_shops, nicolae_shop_hallway_plus, grunt_ministairs_1,
          abandoned_shop, minmay_misc_feat_cross, st_stairs_1
D:5:      layout_loops_ring, mainiacjoe_overflow_big_doors, fedhas_altar_2,
          dk_noncrumbling_4, minmay_shop_mayhem, roderic_batcave, uniq_ijyb,
          uniq_sigmund, uniq_prince_ribbit1
D:6:      layout_cave_pools, minmay_temple_entry_offerings,
          minmay_fractal_squares_diagonal_5
D:7:      layout_cave_pools, enter_bailey_3, uniq_harold

Skill      XL: |  1  2  3  4  5  6  7  8  9 10 |
---------------+-------------------------------+-----
Maces & Flails | 3 4 5 7 9 10 11 | 11.1
Fighting       | 5 6 7 9 11 | 11.4
Dodging        | |  2.6

Action                   |  1- 3 |  4- 6 |  7- 9 | 10-12 || total
-------------------------+-------+-------+-------+-------++-------
Melee: Mace              |    76 |   138 |    23 |       ||   237
       Punch             |     1 |     1 |     8 |     1 ||    11
       Whip              |       |       |   192 |    17 ||   209
       Unarmed           |       |       |     3 |       ||     3
Throw: Dart              |       |     1 |     7 |       ||     8
Invok: Berserk           |     1 |     4 |    11 |     2 ||    18
       Trog's Hand       |       |       |       |     1 ||     1
  Use: Potion            |       |       |       |     1 ||     1
 Stab: Sleeping          |       |       |     1 |       ||     1
Armor: Animal skin       |    27 |    37 |       |       ||    64
       Acid dragon scale |       |     2 |    48 |     2 ||    52
Dodge: Dodged            |    45 |    59 |   133 |     8 ||   245

Table legend: (Time is in decaauts)
 A = Elapsed time spent in this place.
 B = Non-inter-level travel time spent in this place.
 C = Inter-level travel time spent in this place.
 D = Time resting spent in this place.
 E = Time spent auto-exploring this place.
 F = Levels seen in this place.
 G = Mean time per level.
                   A        B        C        D        E       F      G
               +--------+--------+--------+--------+--------+-----+--------+
         Total |   8459 |   8289 |    170 |   3450 |   3772 |   7 | 1208.4 |
       Dungeon |   8459 |   8289 |    170 |   3450 |   3772 |   7 | 1208.4 |
               +--------+--------+--------+--------+--------+-----+--------+

Top non-repeatable levels by time:
     D:3: 1917 daAuts
     D:6: 1865 daAuts
     D:5: 1464 daAuts
     D:1: 1010 daAuts
     D:2: 906 daAuts
     D:4: 853 daAuts
     D:7: 442 daAuts
